 Dungeon Crawl Stone Soup version 0.29.0-13-gc9e81de378 (webtiles) character file.

Game seed: 11766147778403918283

5 NinjaNoafa the Vexing (level 1, -1/12 HPs)
             Began as a Kobold Arcane Marksman on Sept 7, 2022.
             Slain by a hobgoblin
             ... wielding a +0 hand axe
              (8 damage)
             ... on level 1 of the Dungeon.
             The game lasted 00:00:31 (146 turns).

NinjaNoafa the Vexing (Kobold Arcane Marksman)       Turns: 146, Time: 00:00:32

Health: -1/12      AC:  2    Str:  7    XL:     1   Next: 88%
Magic:  2/3        EV: 15    Int: 14    God:
Gold:   3          SH:  0    Dex: 15    Spells: 2/3 levels left

rFire   . . .      SeeInvis .   a - +1 sling
rCold   . . .      Faith    .   (no shield)
rNeg    . . .      Spirit   .   c - +0 robe
rPois   .          Reflect  .   (no helmet)
rElec   .          Harm     .   (no cloak)
rCorr   .          Rampage  .   (no gloves)
Will    .....                   (no boots)
Stlth   ++........              (no amulet)
HPRegen 0.04/turn               (no ring)
MPRegen 0.08/turn               (no ring)

@: no status effects
A: small, no large weapons, nightstalker 3
a: no special abilities


You were on level 1 of the Dungeon.
You visited 1 branch of the dungeon, and saw 1 of its levels.

You collected 3 gold pieces.

Inventory:

Hand Weapons
 a - a +1 sling (weapon)
Missiles
 d - 5 stones
Armour
 c - a +0 robe (worn)
Scrolls
 b - a scroll of poison


   Skills:
 - Level 1.1 Fighting
 + Level 2.9 Ranged Weapons
 - Level 2.4 Dodging
 * Level 1.5 Spellcasting
 + Level 3.1 Hexes


You had 2 spell levels left.
You knew the following spells:

 Your Spells              Type           Power      Damage    Failure   Level
a - Slow                  Hex            36%        N/A       7%          1

Your spell library contained the following spells:

 Spells                   Type           Power      Damage    Failure   Level
 Inner Flame              Hex/Fire       5%         N/A       36%         3
 Portal Projectile        Hex/Tloc       10%        N/A       36%         3
 Cause Fear               Hex            4%         N/A       56%         4


Dungeon Overview and Level Annotations

Branches:
Dungeon (1/15)

Altars:


Innate Abilities, Weirdness & Mutations

You are small and have problems with some larger weapons.
You are completely attuned to the shadows.


Message History

You shoot a sling bullet.
The sling bullet closely misses the ball python.
The ball python bites you. The ball python barely misses you.
Fire: a) +1 sling
Press: ? - help, Q - select action, (/) - cycle Shift-Dir - straight line, f/p - ball python
Aim: a ball python (slow, 53% to hit)
You shoot a sling bullet. The sling bullet hits the ball python.
The ball python is severely wounded.
The ball python bites you. The ball python misses you.
Fire: a) +1 sling
Press: ? - help, Q - select action, (/) - cycle Shift-Dir - straight line, f/p - ball python
Aim: a ball python (severely wounded, slow, 53% to hit)
You shoot a sling bullet. The sling bullet hits the ball python.
You kill the ball python!
Magic restored.
A hobgoblin comes into view. It is wielding a +0 hand axe.
A hobgoblin is nearby!
Fire: a) +1 sling
Press: ? - help, Q - select action, (/) - cycle Shift-Dir - straight line, f - hobgoblin
Aim: a hobgoblin, wielding a +0 hand axe (wandering, hasn't noticed you, 57% to hit)
You shoot a sling bullet.
The sling bullet closely misses the hobgoblin.
The hobgoblin shouts!
Fire: a) +1 sling
Press: ? - help, Q - select action, (/) - cycle Shift-Dir - straight line, f/p - hobgoblin
Aim: a hobgoblin, wielding a +0 hand axe (57% to hit)
You shoot a sling bullet. The sling bullet hits the hobgoblin.
The hobgoblin is heavily wounded.
An endoplasm comes into view.
The hobgoblin closely misses you. The hobgoblin attacks as you move away!
The hobgoblin completely misses you.
Casting: Slow (safe; 7% risk of failure)
Confirm with . or Enter, or press ? or * to list all spells.
Aiming: Slow (safe; 7% risk of failure)
Press: ? - help, Shift-Dir - straight line, f/p - hobgoblin
Aim: a hobgoblin, wielding a +0 hand axe (heavily wounded, chance to affect: 64%)
The hobgoblin seems to slow down.
The hobgoblin hits you with a +0 hand axe!
Ouch! That really hurt!
You die...

...... ........ ....S#
.......♣..... .....#
............. .....#
...###......♣..... ....†#######
..................
####...)...###............#'''#
#######...###........###...#
###..##........#......
##.@g........#......
####..#.....#......
#........#......
####.....#...<.. .. ###......
#........ #.8...... #...#####
#####...#


You could see a hobgoblin (slow).

Vanquished Creatures
  A ball python (D:1)
  A giant cockroach (D:1)
  A hobgoblin (D:1)
  A goblin (D:1)
  A rat (D:1)
5 creatures vanquished.

Notes
Turn   | Place    | Note
-------+----------+-------------------------------------------
     0 | D:1      | NinjaNoafa the Kobold Arcane Marksman began the quest for
                  | the Orb.
     0 | D:1      | Reached XP level 1. HP: 12/12 MP: 2/2
   146 | D:1      | Slain by a hobgoblin

Illustrated notes

Levels and vault maps discovered:
D:1:      wander_arrival_estate, layout_rooms, nicolae_ecumenical_snake_handling

Action                   || total
-------------------------++-------
 Fire: Sling             ||    20
 Cast: Slow              ||     5
Armor: Robe              ||     2
Dodge: Dodged            ||    17
